 Dungeon Crawl Stone Soup version 0.30-a0-377-g5cb311bc9f (webtiles) character file.

Game seed: 234348994271887949

29913 Grillzange the Eclecticist (level 13, -20/87 HPs)
             Began as a Djinni Fire Elementalist on Nov 30, 2022.
             Was a Believer of Ashenzari.
             Demolished by a komodo dragon (30 damage)
             ... on level 2 of the Lair of Beasts.
             The game lasted 00:48:01 (15973 turns).

Grillzange the Eclecticist (DjFE)                  Turns: 15973, Time: 00:48:02

Health: -20/87     AC:  7    Str:  7    XL:     13   Next: 84%
Gold:   1071       EV: 16    Int: 28    God:    Ashenzari [**....] SH:  0 Dex: 14

rFire   + + .      SeeInvis +    r - +5 spear (freeze)
rCold   x . .      Faith    .    o - orb of the Profound Stars {light, Fort, Self} (curse)
rNeg    . . .      Spirit   .    s - +0 troll leather armour
rPois   ∞          Reflect  .    i - +0 helmet
rElec   +          Harm     .    m - +0 cloak
rCorr   +          Rampage  .    F - +0 pair of gloves "Per Aspera Ad Scientiam" {rElec Will- rCorr SInv, Self, Fort} (curse)
Will    .....                    (boots unavailable)
Stlth   +.........               (no amulet)
HPRegen 1.14/turn                n - ring "Tethered Apathy" {Int+6, Fort, Cun} (curse)
MPRegen 0.00/turn                (no ring)

@: flying, glowing
A: sickness immunity, fire resistance 2, cold vulnerability 1, float, innate
caster, HP casting, extra vitality 1, frail 1
a: Renounce Religion, Shatter the Chains


You were on level 2 of the Lair of Beasts.
You worshipped Ashenzari.
Ashenzari was pleased with you.
You visited 3 branches of the dungeon, and saw 16 of its levels.
You also visited: Bailey and Ice Cave.

You collected 1071 gold pieces.

Inventory:

Hand Weapons
 r - a +5 spear of freezing (weapon)
Missiles
 D - 3 throwing nets
Armour
 i - a +0 helmet (worn)
 m - a +0 cloak (worn)
 o - the cursed orb of the Profound Stars (worn) {light, Fort, Self}
   (You found it on level 3 of the Dungeon)

   It has a curse which improves the following skills: Fortitude: Armour and
   Shields.
   Introspection: Fighting and Spellcasting.
 s - a +0 troll leather armour (worn)
 z - a +2 kite shield of positive energy
 F - the cursed +0 pair of gloves "Per Aspera Ad Scientiam" (worn) {rElec Will- rCorr SInv, Self, Fort}
   (You found it in an ice cave)

   rElec:     It insulates you from electricity.
   SInv:      It lets you see invisible.
   rCorr:     It protects you from acid and corrosion.
   Will:      It decreases your willpower.
   It has a curse which improves the following skills: Introspection: Fighting
   and Spellcasting.
   Fortitude: Armour and Shields.
Magical Staves
 d - a staff of poison
 G - a staff of earth
Jewellery
 n - the cursed ring "Tethered Apathy" (left hand) {Int+6, Fort, Cun}
   (You found it on level 3 of the Dungeon)

   [ring of intelligence]

   Int:       It affects your intelligence (+6).
   It has a curse which improves the following skills: Fortitude: Armour and
   Shields.
   Cunning:   Dodging and Stealth.
 y - an amulet of regeneration
 I - a +4 ring of evasion
Wands
 g - a wand of mindburst (6)
 l - a wand of flame (20)
 x - a wand of light (5)
 C - a wand of iceblast (9)
 H - a wand of charming (8)
Scrolls
 a - 2 scrolls of summoning
 h - a scroll of brand weapon
 t - 5 scrolls of teleportation
 u - 2 scrolls of fog
 v - 2 scrolls of poison
 B - 2 scrolls of magic mapping
 E - a scroll of enchant armour
Potions
 b - 8 potions of heal wounds
 c - 3 potions of haste
 e - a potion of invisibility
 j - 4 potions of might
 k - 4 potions of curing
 p - 3 potions of ambrosia
 q - 2 potions of mutation
 w - 5 potions of brilliance
 A - 3 potions of cancellation


   Skills:
 - Level 8.5(10.4) Fighting
 - Level 9.6(10.9) Dodging
 - Level 1.5(2.4) Stealth
 + Level 15.0(16.8) Spellcasting


You had 13 spell levels left.
You knew the following spells:

 Your Spells              Type           Power      Damage    Failure   Level
a - Foxfire               Conj/Fire      100%       2x1d9     0%          1
b - Scorch                Fire           100%       2d10      0%          2
c - Kindle Blastsparks    Fire/Tloc/Air  100%       2d18      0%          3
d - Inner Flame           Hex/Fire       87%        N/A       0%          3
e - Flame Wave            Conj/Fire      87%        2d19      1%          4
f - Magic Dart            Conj           100%       1d8       0%          1
g - Searing Ray           Conj           100%       2d8       0%          2
h - Swiftness             Air            87%        N/A       0%          3
i - Dazzling Flash        Conj/Hex       100%       N/A       0%          3
j - Metabolic Englaciati  Hex/Ice        43%        N/A       1%          5
k - Yara's Violent Unrav  Hex/Tmut       43%        3d17      1%          5
Your spell library was empty.

Dungeon Overview and Level Annotations

Branches:
Dungeon (13/15)            Temple (1/1) D:6            Lair (2/5) D:10
 Spider (0/4) Lair:2          Orc (0/2) D:12         Bailey (visited)
  IceCv (visited)
  Swamp: Lair:2-3    Shoals: Lair:2-3    Vaults: D:13-14

Altars:
Ashenzari
Cheibriados
Dithmenos
Elyvilon
Fedhas
Gozag
Hepliaklqana
Makhleb
Okawaru
Qazlal
Ru
Trog
Uskayaw
Wu Jian
Xom
Yredelemnul
Zin
The Shining One

Shops:
D:8 *

Portals:
Trove: D:11 (give +4 ice dragon scales)

Annotations:
D:8 1 runed translucent door, unrecovered's ghost, novice OgGl
D:12 Azrael
Lair:1 2 transporters, Cung's ghost, novice GrBe


Innate Abilities, Weirdness & Mutations

You are immune to sickness and miasma.
You are immune to poison.
Your flesh is very heat resistant. (rF++)
You are vulnerable to cold. (rC-)
You float through the air rather than walking.
You learn spells naturally, not from books.
Your magical power is your life essence.
You have superior vitality. (+4 MHP)
You are frail. (-10% HP)


Message History

The fiery explosion engulfs you. You resist.
You hear an angry buzzing noise. x5; You hear an angry hiss.
You hear an angry buzzing noise. x4
Your base Spellcasting skill increases to level 15!
You start resting.
A komodo dragon comes into view.
Casting: Scorch (safe; 0% risk of failure)
Confirm with . or Enter, or press ? or * to list all spells.
Flames lash the komodo dragon.
The komodo dragon is lightly wounded.
The komodo dragon's fire resistance burns away.
Casting: Scorch (safe; 0% risk of failure)
Confirm with . or Enter, or press ? or * to list all spells.
Flames lash the komodo dragon but do no damage.
Casting: Scorch (safe; 0% risk of failure)
Confirm with . or Enter, or press ? or * to list all spells.
Flames lash the komodo dragon.
The komodo dragon is burned terribly!
The komodo dragon is moderately wounded.
The komodo dragon bites you!
Casting: Scorch (safe; 0% risk of failure)
Confirm with . or Enter, or press ? or * to list all spells.
Flames lash the komodo dragon but do no damage.
The komodo dragon bites you!
* * * LOW HITPOINT WARNING * * *
Casting: Scorch (safe; 0% risk of failure)
Confirm with . or Enter, or press ? or * to list all spells.
Flames lash the komodo dragon.
The komodo dragon is burned terribly!
The komodo dragon is heavily wounded.
* * * LOW HITPOINT WARNING * * *
The komodo dragon bites you.
* * * LOW HITPOINT WARNING * * *
You feel much better. The komodo dragon bites you!!
* * * LOW HITPOINT WARNING * * *
Casting: Scorch (safe; 0% risk of failure)
Confirm with . or Enter, or press ? or * to list all spells.
Flames lash the komodo dragon.
The komodo dragon is burned terribly!
The komodo dragon is severely wounded.
* * * LOW HITPOINT WARNING * * *
The komodo dragon bites you!!
You die...

*#..., #.......#.........#
..#.#.### #.........#........
#.......###..##....##.......#
#.#..#..##.8.##?..#........#
#.......#.....#.....##.##...*
+...8...+..>.8#.#####*##*.#.
.#..[..........### *,,#*
......#..#..8.## ,
#.....####l@## , * ##.....#
##..## ##.#...## ##☼.# *
*###.#.....# #.## ,,
,.......#.# #.## * * *
##...8.#.#####..####†y#, , *
###.......#.......††.†.+ , ,
, #.#.....#.###....##.#†#Yy
#..#.....##.###.## *##.#.


You could see a komodo dragon (combustible).

Vanquished Creatures
  A reaper (IceCv)
  Harold (D:11)
  A boulder beetle (D:11)
  3 two-headed ogres
  A tengu warrior (D:9)
  Nergalle (D:11)
  2 ugly things (D:12)
  3 cyclopes
  A deep elf pyromancer (D:13)
  3 elephants (Lair:1)
  2 black mambas
  5 cane toads
  2 unseen horrors (D:11)
  4 komodo dragons
  A kobold demonologist (D:12)
  2 anaconda simulacra (IceCv)
  2 hornets
  3 trolls
  A slime creature (D:12)
  2 shadows
  A human (Bailey)
  3 wyverns (D:10)
  2 dire elephant simulacra (IceCv)
  2 wraiths
  3 vampires (D:12)
  2 basilisks
  27 yaks
  A steam dragon (D:7)
  3 death yak simulacra
  3 vampire mosquitoes (D:11)
  A harpy simulacrum (IceCv)
  7 water moccasins
  2 hydra simulacra (IceCv)
  2 hornet zombies (D:7)
  3 orc warriors
  2 ice beasts
  A sky beast (D:6)
  3 black bears
  7 centaurs
  2 wolves (D:10)
  A phantom (D:6)
  7 kobold brigands
  11 bullfrogs
  4 scorpions
  3 necrophages
  A gnoll sergeant (D:7)
  2 cane toad simulacra (IceCv)
  4 two-headed ogre simulacra
  2 wyvern zombies (D:7)
  21 wights
  4 elephant simulacra
  16 killer bees
  7 howler monkeys
  A bullfrog zombie (D:7)
  A centaur zombie (D:7)
  5 hounds
  7 orc priests
  2 jellies
  4 gnoll boudas
  Crazy Yiuf (D:2)
  3 iguanas
  Natasha (thrice) (D:2)
  10 orc wizards
  8 troll simulacra (IceCv)
  3 polar bear simulacra
  6 spriggan simulacra
  A wolf simulacrum (IceCv)
  A killer bee zombie (D:7)
  A howler monkey zombie (D:7)
  14 naga simulacra
  9 adders
  24 gnolls
  A shadow imp (D:6)
  4 white imps
  5 ufetubi
  2 worms (D:2)
  6 dart slugs
  22 orcs
  12 ball pythons
  4 bats (D:1)
  7 endoplasms
  4 giant cockroaches
  8 hobgoblins
  5 jackals
  2 quokkas
  5 frilled lizards
  4 goblins
  45 kobolds
  5 rats
  A spectral kobold (D:8)
  A bush (Lair:1)
448 creatures vanquished.

Vanquished Creatures (others)
  1246 foxfires
  4 fungi
  30 plants
1280 creatures vanquished.

Grand Total: 1728 creatures vanquished

Notes
Turn   | Place    | Note
-------+----------+-------------------------------------------
     0 | D:1      | Grillzange the Djinni Fire Elementalist began the quest for
                  | the Orb.
     0 | D:1      | Grillzange set off with the following spells memorised:
                  | Foxfire, Scorch, Kindle Blastsparks, Inner Flame, Flame
                  | Wave.
     0 | D:1      | Reached XP level 1. HP: 15/15 MP: 0/0
    60 | D:1      | Reached XP level 2. HP: 18/21 MP: 0/0
   177 | D:1      | Reached skill level 3 in Spellcasting
   339 | D:1      | Reached XP level 3. HP: 24/25 MP: 0/0
   339 | D:1      | Learned a level 1 spell: Magic Dart
   808 | D:2      | Noticed Natasha
   813 | D:2      | Killed Natasha
   814 | D:2      | Reached XP level 4. HP: 26/31 MP: 0/0
  1035 | D:2      | Reached skill level 4 in Spellcasting
  1044 | D:2      | Noticed Natasha
  1050 | D:2      | Killed Natasha
  1051 | D:2      | Reached XP level 5. HP: 29/35 MP: 0/0
  1051 | D:2      | Learned a level 2 spell: Searing Ray
  1447 | D:2      | Found a runed translucent door.
  1448 | D:2      | Noticed Crazy Yiuf
  1453 | D:2      | Killed Crazy Yiuf
  1547 | D:2      | Noticed Natasha
  1550 | D:2      | Killed Natasha
  1618 | D:3      | Reached XP level 6. HP: 39/40 MP: 0/0
  1627 | D:3      | Reached skill level 5 in Spellcasting
  2817 | D:4      | Reached XP level 7. HP: 40/45 MP: 0/0
  2817 | D:4      | Learned a level 3 spell: Swiftness
  2896 | D:4      | Reached skill level 6 in Spellcasting
  3243 | D:5      | Entered Level 5 of the Dungeon
  3250 | D:5      | Reached skill level 1 in Fighting
  3306 | D:5      | Noticed a water moccasin
  3312 | D:5      | Killed a water moccasin
  3313 | D:5      | Reached XP level 8. HP: 40/54 MP: 0/0
  4231 | D:6      | Reached skill level 5 in Dodging
  4562 | D:6      | Reached XP level 9. HP: 58/64 MP: 0/0
  4562 | D:6      | Learned a level 3 spell: Dazzling Flash
  4596 | D:5      | Reached skill level 5 in Fighting
  5617 | D:6      | Found a staircase to the Ecumenical Temple.
  5849 | Temple   | Entered the Ecumenical Temple
  5967 | Temple   | Became a worshipper of Ashenzari the Shackled
  6281 | D:7      | Found a flagged portal.
  6291 | Bailey   | Entered a bailey
  6342 | Bailey   | Reached XP level 10. HP: 55/75 MP: 0/0
  6436 | Bailey   | Noticed a vault guard
  6442 | Bailey   | Noticed Prince Ribbit
  7495 | D:7      | Found a basalt altar of Yredelemnul.
  7553 | D:7      | Identified the +1 pair of gloves of Lightning Storm {rPois
                  | Slay+2}
  7989 | D:8      | Found Otiur's Assorted Antiques.
  8104 | D:8      | Reached skill level 7 in Spellcasting
  8449 | D:8      | Found a hazy altar of Hepliaklqana.
  8459 | D:8      | Reached * piety under Ashenzari
  8529 | D:8      | Found a blossoming altar of Fedhas.
  8932 | D:8      | Found a runed translucent door.
  8932 | D:8      | Found a shimmering altar of Xom.
  8932 | D:8      | Noticed unrecovered's ghost (novice OgGl)
  8932 | D:8      | Noticed a +1 quarterstaff of chaos
  9279 | D:9      | Reached skill level 8 in Spellcasting
  9279 | D:9      | Reached XP level 11. HP: 53/84 MP: 0/0
  9279 | D:9      | Learned a level 5 spell: Metabolic Englaciation
  9735 | D:9      | Reached skill level 9 in Spellcasting
 10302 | D:9      | Noticed a tengu warrior
 10307 | D:9      | Killed a tengu warrior
 10438 | D:10     | Entered Level 10 of the Dungeon
 10646 | D:10     | Reached skill level 10 in Spellcasting
 10792 | D:10     | Found a snail-covered altar of Cheibriados.
 11049 | D:10     | Found a staircase to the Lair.
 11077 | D:10     | Noticed a two-headed ogre
 11085 | D:10     | Killed a two-headed ogre
 11257 | D:10     | Found a bloodstained altar of Trog.
 11346 | D:10     | Found a glowing silver altar of Zin.
 11508 | D:10     | Reached XP level 12. HP: 37/89 MP: 0/0
 11511 | D:10     | Reached skill level 11 in Spellcasting
 12105 | D:11     | Noticed a two-headed ogre
 12109 | D:11     | Killed a two-headed ogre
 12336 | D:11     | Noticed a boulder beetle
 12346 | D:11     | Killed a boulder beetle
 12347 | D:11     | Reached skill level 12 in Spellcasting
 12375 | D:11     | Noticed a two-headed ogre
 12381 | D:11     | Killed a two-headed ogre
 12581 | D:11     | Found a portal to a secret trove of treasure.
 12699 | D:11     | Noticed Harold
 12705 | D:11     | Killed Harold
 12769 | D:11     | Noticed Nergalle
 12775 | D:11     | Killed Nergalle
 13043 | D:12     | Noticed a five-headed hydra
 13331 | D:12     | Reached skill level 13 in Spellcasting
 13331 | D:12     | Reached XP level 13. HP: 70/94 MP: 0/0
 13331 | D:12     | Learned a level 5 spell: Yara's Violent Unravelling
 13391 | D:12     | Found a frozen archway.
 13402 | IceCv    | Entered an ice cave
 14256 | IceCv    | Noticed a reaper
 14289 | IceCv    | Killed a reaper
 14429 | IceCv    | Identified the +0 pair of gloves "Syshrext" {rElec Will-
                  | rCorr SInv}
 14726 | D:12     | Noticed Azrael
 14790 | D:13     | Reached skill level 14 in Spellcasting
 14968 | Lair:1   | Entered Level 1 of the Lair of Beasts
 15065 | Lair:1   | Found a transporter.
 15069 | Lair:1   | Noticed Cung's ghost (novice GrBe)
 15070 | Lair:1   | Found a transporter.
 15177 | Lair:1   | Reached ** piety under Ashenzari
 15432 | Lair:1   | Gained mutation: You are frail. (-10% HP) [you]
 15908 | Lair:2   | Found a hole to the Spider Nest.
 15960 | Lair:2   | Reached skill level 15 in Spellcasting
 15973 | Lair:2   | Demolished by a komodo dragon

Illustrated notes

Levels and vault maps discovered:
D:1:      minmay_arrival_checkered_box, layout_loops_ring,
          nicolae_concentric_dashed_squares_mild
D:2:      layout_rooms, uniq_natasha, uniq_crazy_yiuf_cottage
D:3:      layout_basic, kennysheep_big_empty_room
D:4:      layout_basic, hangedman_abyss_or_decor_passed
D:5:      layout_gridville, nicolae_figureground_pulse
D:6:      layout_cave_pools, minmay_temple_entry_glassed_door
D:7:      layout_basic, nicolae_yredelemnul_corpse_copse, enter_bailey_2
D:8:      layout_loops_ring, grunt_temple_overflow_growth_and_decay,
          nicolae_hepliaklqana_monster_ancestors, ebering_ghost_xom,
          serial_shops, shop
D:9:      layout_loops_ring
D:10:     layout_roguey, lemuel_doored_altar, zin_statuary,
          kennysheep_slug_shrine, minmay_lair_entry_grove
D:11:     layout_long_grid, nicolae_trove_entry_diagonal, minmay_curled_crystal,
          uniq_nergalle, uniq_harold
D:12:     minmay_inside_and_out, layout_rooms, orc_0_dummy,
          portal_ice_cave_entry_ice_simulacra, uniq_gastronok, uniq_azrael
D:13:     cross_vault, layout_irregular_city, serial_shops, shop
Temple:   bh_familiar_temple
Lair:1:   layout_roguey, gammafunk_ghost_arena
Lair:2:   layout_roguey [special_room_bee], spider_nest_entry_webs,
          grunt_megastairs_1

Skill      XL: |  1  2  3  4  5  6  7  8  9 10 11 12 13 |
---------------+----------------------------------------+-----
Spellcasting   | 3 4 5 6 8 10 13 15 | 15.0
Fighting       | 2 4 7 8 |  8.5
Dodging        | 3 5 8 9 |  9.6
Stealth        | |  1.5

Action                   |  1- 3 |  4- 6 |  7- 9 | 10-12 | 13-15 || total
-------------------------+-------+-------+-------+-------+-------++-------
Melee: Spear             |       |       |       |     1 |       ||     1
 Cast: Foxfire           |    51 |   118 |   187 |   307 |    91 ||   754
       Scorch            |     1 |    15 |    48 |   201 |   130 ||   395
       Kindle Blastspark |       |       |     3 |     1 |     5 ||     9
       Magic Dart        |       |       |     3 |     2 |       ||     5
       Searing Ray       |       |       |     7 |     8 |       ||    15
       Flame Wave        |       |       |     1 |     6 |     5 ||    12
       Dazzling Flash    |       |       |     1 |       |       ||     1
       Inner Flame       |       |       |       |    23 |    19 ||    42
       Yara's Violent Un |       |       |       |       |    13 ||    13
       Metabolic Englaci |       |       |       |       |     8 ||     8
Invok: Curse Item        |       |       |       |     2 |     1 ||     3
  Use: Scroll            |       |       |    16 |     2 |     2 ||    20
       Potion            |       |       |       |       |     1 ||     1
Armor: Robe              |       |     4 |     4 |     5 |       ||    13
       Steam dragon scal |       |       |       |    25 |       ||    25
       Troll leather arm |       |       |       |     2 |    13 ||    15
Dodge: Dodged            |     7 |    12 |    36 |   136 |    64 ||   255

Table legend: (Time is in decaauts)
 A = Elapsed time spent in this place.
 B = Non-inter-level travel time spent in this place.
 C = Inter-level travel time spent in this place.
 D = Time resting spent in this place.
 E = Time spent auto-exploring this place.
 F = Levels seen in this place.
 G = Mean time per level.
                   A        B        C        D        E       F      G
               +--------+--------+--------+--------+--------+-----+--------+
         Total |  15991 |  15034 |    957 |   1933 |  10275 |  18 |  888.4 |
       Dungeon |  13406 |  12486 |    920 |   1283 |   9089 |  13 | 1031.2 |
        Temple |    146 |    116 |     30 |      0 |    113 |   1 |  146.0 |
          Lair |   1004 |    997 |      7 |     31 |    787 |   2 |  502.0 |
        Bailey |    167 |    167 |      0 |     87 |     33 |   1 |  167.0 |
      Ice Cave |   1265 |   1265 |      0 |    532 |    253 |   1 | 1265.0 |
               +--------+--------+--------+--------+--------+-----+--------+

Top non-repeatable levels by time:
     D:7: 1911 daAuts
     D:5: 1790 daAuts
    D:10: 1465 daAuts
    D:11: 1413 daAuts
     D:8: 1358 daAuts
   IceCv: 1265 daAuts
     D:9: 988 daAuts
     D:3: 885 daAuts
     D:6: 836 daAuts
  Lair:1: 823 daAuts
     D:1: 805 daAuts
     D:4: 781 daAuts
     D:2: 776 daAuts
    D:12: 340 daAuts
  Lair:2: 180 daAuts
